 Dungeon Crawl Stone Soup version 0.25-a0-317-g5f8687b (webtiles) character file.

Game seed: 5964690924018131998, levelgen mode: deterministic

76 Oxymoron the Sneak (level 4, -1/24 HPs)
             Began as a Vampire Enchanter on Dec 26, 2019.
             Slain by a worker ant (3 damage)
             ... while paralysed
             ... on level 1 of the Dungeon.
             The game lasted 00:09:41 (1879 turns).

Oxymoron the Sneak (Vampire Enchanter)              Turns: 1879, Time: 00:09:42

Health: -1/24      AC:  0    Str:  0 (7)  XL:     4   Next: 12%
Magic:  3/7        EV:  5    Int:  9 (17) God:
Gold:   56         SH:  0    Dex: 12 (20) Spells: 4/7 levels left

rFire    . . .     SeeInvis +   (weapon currently unavailable)
rCold    + + .     Gourm    .   (shield currently unavailable)
rNeg     + + +     Faith    .   (armour currently unavailable)
rPois    ∞         Spirit   .   (helmet currently unavailable)
rElec    .         Reflect  .   (cloak currently unavailable)
rCorr    .         Harm     .   (gloves currently unavailable)
MR       .....                  (boots currently unavailable)
Stlth    +++++.....             (no amulet)
HPRegen  0.00/turn              (ring currently unavailable)
MPRegen  0.10/turn              (ring currently unavailable)

@: paralysed, bat-form, flying, bloodless, slowed, lost strength, very quick
A: tiny, no food, fangs 3, see invisible
a: Revivify, End Transformation


You were on level 1 of the Dungeon.
You were bloodless.
You were in vampire-bat-form.
You visited 1 branch of the dungeon, and saw 4 of its levels.

You collected 56 gold pieces.

Inventory:

Hand Weapons
 a - a +1 dagger (melded)
Armour
 b - a +0 robe (melded)
Scrolls
 d - 3 scrolls of identify {unknown}
 e - 2 scrolls of remove curse {unknown}
 i - a scroll of immolation {unknown}
 j - a scroll of enchant weapon {unknown}
Potions
 c - a potion of brilliance {unknown}
 f - 3 potions of flight {unknown}
 g - a potion of curing {unknown}
 h - a potion of agility {unknown}
 k - a potion of might {unknown}


   Skills:
 + Level 0.3 Fighting
 + Level 1.9 Short Blades
 + Level 2.2 Dodging
 + Level 6.3 Stealth
 + Level 2.1 Spellcasting
 + Level 5.0 Hexes
 + Level 0.5 Ice Magic


You had 4 spell levels left.
You knew the following spells:

 Your Spells              Type           Power        Failure   Level  Hunger
a - Corona                Hex            #......      4%          1    N/A
b - Ensorcelled Hibernat  Hex/Ice        #.....       16%         2    N/A

Your spell library contained the following spells:

 Spells                   Type           Power        Failure   Level  Hunger
 Confuse                  Hex            #.......     13%         3    N/A
 Tukima's Dance           Hex            #.......     13%         3    N/A
 Dazzling Flash           Conj/Hex       #.....       34%         3    N/A

Dungeon Overview and Level Annotations

Branches:
Dungeon (4/15)
 Temple: D:4-7

Altars:


Innate Abilities, Weirdness & Mutations

You do not eat.
You do not regenerate when monsters are visible.
You are frail without blood (-20% HP).
You can heal yourself when you bite living creatures.
You are immune to poison.
You have razor-sharp teeth.
You have supernaturally acute eyesight. (SInv)
((You can survive without breathing.))


Message History

Casting: Ensorcelled Hibernation (safe; 14% risk of failure)
Confirm with . or Enter, or press ? or * to list all spells.
Aiming: Ensorcelled Hibernation (safe; 14% risk of failure)
Press: ? - help, Shift-Dir - straight line, f - worker ant
Aim: a worker ant (moderately wounded, chance to defeat MR: 48%)
The worker ant resists with some effort.
The worker ant bites you but does no damage.
You can't go down here!
The worker ant barely misses you.
You climb upwards.
There is a stone staircase leading down here.
This will reduce your strength to zero.
Continue?
Uppercase [Y]es or [N]o only, please.
This will reduce your strength to zero.
Continue?
You turn into a vampire bat.
Your +1 dagger melds into your body.
Your +0 robe melds into your body.
You feel weakened.
You have lost your strength.
You feel dopey.
You feel clumsy. The worker ant bites you.
You die...

#.)..........#######
##
#######............#
.###
#....####.#####.#
...#####.#######.#
#.#
....#............#
#.#
....####.#######.#
#.# ....# ##.# #.#
#.# ...## #.(# #.#
#.# .### #.## #b#
#.# ### #.# #a## #.#
..## #.# #..# #.#
...# #.# ##.# ##.#
#..## #># #.# #..#
....# #.# #.# #.##
.#.## #.# #.# #.#
#######.#########.#
#.#
#..............##.#
#.#


You could see a worker ant.

Vanquished Creatures
  An orc priest (D:4)
  An ooze (D:1)
  A worm (D:2)
  A leopard gecko (D:1)
  3 orcs (D:4)
  4 bats
  3 goblins
  6 hobgoblins (D:1)
  6 jackals
  2 kobolds (D:1)
  2 ball pythons
  2 frilled lizards (D:1)
  2 rats
34 creatures vanquished.

Notes
Turn   | Place    | Note
-------+----------+-------------------------------------------
     0 | D:1      | Oxymoron the Vampire Enchanter began the quest for the Orb.
     0 | D:1      | Reached XP level 1. HP: 13/13 MP: 3/3
   129 | D:1      | Reached skill level 5 in Stealth
   197 | D:1      | Reached XP level 2. HP: 19/19 MP: 5/5
   202 | D:1      | Learned a level 2 spell: Ensorcelled Hibernation
   703 | D:1      | Reached XP level 3. HP: 24/24 MP: 6/6
  1093 | D:2      | You fall into a shaft and drop 2 floors!
  1098 | D:4      | Reached skill level 6 in Stealth
  1113 | D:4      | Noticed a sky beast
  1122 | D:4      | Reached XP level 4. HP: 12/24 MP: 2/7
  1499 | D:2      | Reached skill level 5 in Hexes
  1565 | D:2      | HP: 1/24 [worker ant (8)]
  1879 | D:1      | Lost strength.
  1879 | D:1      | Slain by a worker ant

Levels and vault maps discovered:
D:1:      dpeg_arrival_three_same_balls, layout_loops_ring
D:2:      kennysheep_big_flooded_room, layout_loops_ring
D:3:      layout_rooms, first_ration, minmay_crystal_room
D:4:      layout_rooms, kennysheep_mini, minmay_temple_entry_proselytizer

Skill      XL: |  1  2  3  4 |
---------------+-------------+-----
Stealth        | 5 6 |  6.3
Hexes          | 5 |  5.0
Fighting       | |  0.3
Short Blades   | |  1.9
Dodging        | |  2.2
Spellcasting   | |  2.1
Ice Magic      | |  0.5

Action                   |  1- 3 |  4- 6 || total
-------------------------+-------+-------++-------
Melee: Dagger            |   115 |    23 ||   138
       Bite              |     8 |     2 ||    10
       Unarmed           |       |     4 ||     4
 Cast: Ensorcelled Hiber |    10 |     7 ||    17
       Corona            |     2 |       ||     2
 Abil: Bat Form          |     1 |     3 ||     4
       End Transformatio |     1 |     2 ||     3
       Exsanguinate      |     1 |       ||     1
 Stab: Sleeping          |    18 |     4 ||    22
Armor: Robe              |    19 |     7 ||    26
Dodge: Dodged            |    90 |    34 ||   124

Table legend:
 A = Non-vault XP
 B = Vault XP
 C = Vault XP percentage of total XP
 D = Non-vault monster count
 E = Vault monster count
 F = Vault count percentage of total count
                 A         B        C        D         E       F
            +---------+---------+-------+---------+---------+-------
      Total |     109 |       0 |   0.0 |      34 |       0 |   0.0
            +---------+---------+-------+---------+---------+-------
        D:1 |      45 |       0 |   0.0 |      23 |       0 |   0.0
        D:2 |      13 |       0 |   0.0 |       6 |       0 |   0.0
        D:4 |      51 |       0 |   0.0 |       5 |       0 |   0.0
            +---------+---------+-------+---------+---------+-------
